 Dungeon Crawl Stone Soup version 0.25-a0-50-gf0389da217 (webtiles) character file.

Game seed: 9073651376656603237, levelgen mode: deterministic

400 Arixos the Grasshopper (level 6, -1/56 HPs)
             Began as a Naga Warper on Oct 24, 2019.
             Killed from afar by an orc wizard (6 damage)
             ... with a puff of flame
             ... on level 4 of the Dungeon.
             The game lasted 00:29:32 (4082 turns).

Arixos the Grasshopper (Naga Warper)                Turns: 4082, Time: 00:29:33

Health: -1/56      AC:  7    Str: 14    XL:     6   Next: 84%
Magic:  0/10       EV: 10    Int: 13    God:
Gold:   239        SH:  0    Dex: 12    Spells: 2/10 levels left

rFire    . . .     SeeInvis +   a - +0 short sword
rCold    + . .     Gourm    .   (no shield)
rNeg     . . .     Faith    .   q - +3 leather armour {rC+}
rPois    +         Spirit   .   (no helmet)
rElec    .         Reflect  .   (no cloak)
rCorr    .         Harm     .   o - +0 pair of gloves
MR       .....                  (no barding)
Stlth    ++........             (no amulet)
HPRegen  0.18/turn              (no ring)
MPRegen  0.12/turn              (no ring)

@: flying, very slightly contaminated, hasted, quick
A: large, see invisible, deformed body, poison resistance, slowness 2, slow
metabolism 1, spit poison 1, AC +2
a: Spit Poison


You were on level 4 of the Dungeon.
You were hungry.

You visited 1 branch of the dungeon, and saw 4 of its levels.

You collected 239 gold pieces.

Inventory:

Hand Weapons
 a - a +0 short sword (weapon)
Missiles
 e - 5 boomerangs of dispersal (quivered)
 i - 8 curare-tipped darts
Armour
 o - a +0 pair of gloves (worn)
 q - a +3 leather armour of cold resistance (worn)
Wands
 c - a wand of disintegration (10)
Scrolls
 b - a scroll of enchant weapon {unknown}
 d - a scroll of blinking
 g - 4 scrolls of identify {unknown}
 j - a scroll of amnesia {unknown}
 k - 2 scrolls of remove curse {unknown}
 l - a scroll of random uselessness {unknown}
Potions
 m - a potion of flight
 n - a potion of resistance {unknown}
 p - a potion of agility {unknown}
Comestibles
 f - 8 rations
 r - 7 chunks of flesh


   Skills:
 + Level 3.1 Fighting
 + Level 3.0 Short Blades
 - Level 0.8 Throwing
 + Level 2.0 Armour
 + Level 2.4 Dodging
 + Level 3.5 Stealth
 + Level 2.8 Spellcasting
 + Level 1.8 Charms
 + Level 3.7 Translocations


You had 2 spell levels left.
You knew the following spells:

 Your Spells              Type           Power        Failure   Level  Hunger
e - Blink                 Tloc           N/A          10%         2    ###....
s - Shroud of Golubria    Chrm/Tloc      #.....       14%         2    ###....
E - Passage of Golubria   Tloc           N/A          52%         4    #####..

Your spell library contained the following spells:

 Spells                   Type           Power        Failure   Level  Hunger
 Gell's Gravitas          Tloc           ##........   19%         3    ###....
 Lesser Beckoning         Tloc           ##........   19%         3    ###....
 Teleport Other           Tloc           ##......     19%         3    ###....


Dungeon Overview and Level Annotations

Branches:
Dungeon (4/15)
 Temple: D:4-7

Altars:
Ashenzari
Hepliaklqana

Annotations:
D:3 2 transporters
D:4 Edmund


Innate Abilities, Weirdness & Mutations

You cannot wear boots.
Your serpentine skin is tough. (AC +2)
You have supernaturally acute eyesight. (SInv)
Armour fits poorly on your strangely shaped body.
Your system is resistant to poisons. (rPois)
You cover ground very slowly.
You have a slow metabolism.
You can spit poison.


Message History

Things that are here:
a +0 mace; a cursed -1 leather armour It was a potion of flight.
You feel very buoyant.
You fly up into the air.
The orc wizard casts a spell at you. The magic dart hits you.
* * * LOW HITPOINT WARNING * * *
Okay, then.
It was a potion of haste.
You feel yourself speed up.
Things that are here:
a +0 trident; a +0 leather armour; an orc skeleton
Casting: Blink (safe; 10% risk of failure)
Confirm with . or Enter, or press ? or * to list all spells.
You miscast Shroud of Golubria.
The orc wizard misses you.
The orc wizard gestures at you while chanting.
The puff of flame misses you. The orc wizard casts a spell at you.
The puff of flame hits you.
You die...

############ #..........#
##### #..........#
#...#######
#..........####..........
#.....o.@.....>....######
#...).......###..........
####)#)####.....##.....##
#.#.# #####.######...
#.#.# #.......... ##o#.#
#######.### ##..#.# #....
#.o##.# ##### #.###.#


You could see an orc wizard (invisible).

Vanquished Creatures
  A jelly (D:3)
  An orc priest (D:4)
  An orc wizard (D:3)
  Jessica (D:2)
  An iguana (D:4)
  A worker ant (D:4)
  A worker ant zombie (D:2)
  3 gnolls
  8 adders
  An ooze (D:4)
  An adder zombie (D:3)
  4 worms
  2 dart slugs
  4 leopard geckos
  10 orcs
  A ball python (D:1)
  A giant cockroach (D:2)
  7 goblins
  7 hobgoblins
  7 jackals
  8 bats (D:2)
  6 frilled lizards
  15 kobolds
  6 rats
98 creatures vanquished.

Vanquished Creatures (others)
  2 plants (D:3)
2 creatures vanquished.

Grand Total: 100 creatures vanquished

Notes
Turn   | Place    | Note
-------+----------+-------------------------------------------
     0 | D:1      | Arixos the Naga Warper began the quest for the Orb.
     0 | D:1      | Reached XP level 1. HP: 19/19 MP: 3/3
    61 | D:1      | Reached XP level 2. HP: 26/26 MP: 5/5
    65 | D:1      | Learned a level 2 spell: Shroud of Golubria
   124 | D:1      | Reached skill level 1 in Armour
   617 | D:1      | Reached skill level 1 in Stealth
   647 | D:1      | Reached XP level 3. HP: 32/32 MP: 3/6
   949 | D:2      | Noticed Jessica
   955 | D:1      | Learned a level 2 spell: Blink
   964 | D:2      | Killed Jessica
   964 | D:2      | Reached XP level 4. HP: 37/40 MP: 4/7
  1535 | D:2      | Found a shattered altar of Ashenzari.
  1909 | D:2      | Reached skill level 1 in Charms
  1909 | D:2      | Reached XP level 5. HP: 24/46 MP: 4/8
  2305 | D:3      | Found a transporter.
  2307 | D:3      | Found a hazy altar of Hepliaklqana.
  2307 | D:3      | Found a transporter.
  3042 | D:3      | Reached XP level 6. HP: 38/55 MP: 6/9
  3534 | D:4      | Noticed Edmund
  3899 | D:4      | Learned a level 4 spell: Passage of Golubria
  4082 | D:4      | Killed from afar by an orc wizard

Levels and vault maps discovered:
D:1:      wander_arrival_fairy_ring, layout_rooms
D:2:      layout_rooms, evilmike_ruin_ashenzari, uniq_jessica
D:3:      layout_loops_ring, gammafunk_temple_overflow_arena, chequers_big_river
D:4:      layout_rooms, first_ration, uniq_edmund

Skill      XL: |  1  2  3  4  5  6 |
---------------+-------------------+-----
Armour         | 1 2 |  2.0
Stealth        | 1 2 3 |  3.5
Dodging        | 2 |  2.4
Charms         | 1 |  1.8
Fighting       | 3 |  3.1
Short Blades   | 3 |  3.0
Throwing       | |  0.8
Spellcasting   | |  2.8
Translocations | |  3.7

Action                   |  1- 3 |  4- 6 || total
-------------------------+-------+-------++-------
Melee: Short sword       |    61 |   309 ||   370
 Cast: Shroud of Golubri |    10 |    48 ||    58
       Blink             |       |     1 ||     1
 Abil: Spit Poison       |    18 |    65 ||    83
  Use: Potion            |       |     2 ||     2
       Scroll            |       |     1 ||     1
 Stab: Sleeping          |       |     2 ||     2
  Eat: Chunk             |     1 |    16 ||    17
Armor: Leather armour    |    13 |   102 ||   115
       Steam dragon scal |       |    11 ||    11
Dodge: Dodged            |    24 |   160 ||   184

Table legend:
 A = Non-vault XP
 B = Vault XP
 C = Vault XP percentage of total XP
 D = Non-vault monster count
 E = Vault monster count
 F = Vault count percentage of total count
                 A         B        C        D         E       F
            +---------+---------+-------+---------+---------+-------
      Total |     535 |      37 |   6.5 |      97 |       1 |   1.0
            +---------+---------+-------+---------+---------+-------
        D:1 |      51 |       0 |   0.0 |      21 |       0 |   0.0
        D:2 |      79 |      37 |  31.9 |      27 |       1 |   3.6
        D:3 |     211 |       0 |   0.0 |      32 |       0 |   0.0
        D:4 |     194 |       0 |   0.0 |      17 |       0 |   0.0
            +---------+---------+-------+---------+---------+-------
